 Dungeon Crawl Stone Soup version 0.28-a0-1130-gc51a68064b (webtiles) character file.

Game seed: 7449728665895082311

19 Zonian the Grave Robber (level 2, -10/19 HPs)
             Began as a Demonspawn Necromancer on Dec 13, 2021.
             Mangled by Terence (12 damage)
             ... on level 2 of the Dungeon.
             The game lasted 00:01:52 (2622 turns).

Zonian the Grave Robber (Demonspawn Necromancer)    Turns: 2622, Time: 00:01:53

Health: -10/19     AC:  2    Str:  8    XL:     2   Next: 55%
Magic:  0/5        EV: 12    Int: 16    God:
Gold:   69         SH:  0    Dex: 13    Spells: 4/5 levels left

rFire   . . .      SeeInvis .   g - +1 dagger (pain)
rCold   . . .      Faith    .   (no shield)
rNeg    . . .      Spirit   .   a - +0 robe
rPois   .          Reflect  .   (no helmet)
rElec   .          Harm     .   (no cloak)
rCorr   .          Rampage  .   (no gloves)
Will    .....                   (no boots)
Stlth   ++........              (no amulet)
HPRegen 0.06/turn               (no ring)
MPRegen 0.09/turn               (no ring)

@: very slightly contaminated
A: powered by pain 1
a: no special abilities


You were on level 2 of the Dungeon.
You visited 1 branch of the dungeon, and saw 2 of its levels.

You collected 69 gold pieces.

Inventory:

Hand Weapons
 b - a +0 dagger
 g - a +1 dagger of pain (weapon)
Armour
 a - a +0 robe (worn)
Scrolls
 c - a scroll of fear {unknown}
Potions
 e - a potion of flight
 f - a potion of heal wounds {unknown}


   Skills:
 + Level 2.1 Dodging
 + Level 2.1 Stealth
 + Level 2.2 Spellcasting
 + Level 4.6 Necromancy


You had 4 spell levels left.
You knew the following spells:

 Your Spells              Type           Power      Damage    Failure   Level
a - Pain                  Necr           64%        1d7       3%          1

Your spell library contained the following spells:

 Spells                   Type           Power      Damage    Failure   Level
 Animate Skeleton         Necr           32%        N/A       3%          1
 Vampiric Draining        Necr           16%        2d7       9%          3
 Animate Dead             Necr           8%         N/A       30%         4
 Agony                    Necr           16%        N/A       63%         5


Dungeon Overview and Level Annotations

Branches:
Dungeon (2/15)

Altars:

Annotations:
D:2 Sigmund, Terence


Innate Abilities, Weirdness & Mutations

You sometimes gain a little power by taking damage.


Message History

The worm is heavily wounded.
You hit the worm.
The worm writhes in agony.
The worm is almost dead.
The worm bites you but does no damage.
You hit the worm.
You kill the worm!
Terence shouts!
Found a ring mail.
Terence writhes in agony.
Terence writhes in agony.
Terence closely misses you.
Unknown command.
You hit Terence but do no damage.
Terence is heavily wounded.
Terence completely misses you.
You hit Terence but do no damage.
Terence is heavily wounded.
Terence barely misses you.
You miscast Pain.
You are very lightly contaminated with residual magic.
Nothing appears to happen.
Terence hits you with a +0 flail!
Unknown command.
Casting: Pain (safe; 3% risk of failure)
Confirm with . or Enter, or press ? or * to list all spells.
Aiming: Pain (safe; 3% risk of failure)
Press: ? - help, Shift-Dir - straight line, f/p - Terence
Aim: Terence, wielding a +0 flail and wearing a +0 chain mail (heavily wounded, chance to affect: 81%) Terence writhes in agony.
Terence hits you with a +0 flail.
* * * LOW HITPOINT WARNING * * *
Unknown command.
Casting: Pain (safe; 3% risk of failure)
Confirm with . or Enter, or press ? or * to list all spells.
Aiming: Pain (safe; 3% risk of failure)
Press: ? - help, Shift-Dir - straight line, f/p - Terence
Aim: Terence, wielding a +0 flail and wearing a +0 chain mail (severely wounded, chance to affect: 81%) Terence writhes in agony.
Terence misses you.
You hit Terence.
Terence is almost dead.
Terence hits you with a +0 flail!
Ouch! That really hurt!
You die...

..##......#*,**,,≈≈≈≈*****
####.####.##,,[.≈≈≈.≈≈≈≈≈***
#.# #.##.##.≈≈≈≈≈≈≈≈≈≈≈*
#.####.##.##!..≈≈≈≈≈≈≈***
#...............≈≈≈≈≈**
#.####.........#,***** #.#
####.##.$.##.# #.#
#....@....# ####.#
**###@#**** ...#.# #.#
##.#.# #.# #....# #.# ...###
#.# ##<# #.#
################.#
≈≈≈#.............#
.....#############


You could see Terence.

Vanquished Creatures
  2 worms (D:2)
  An endoplasm (D:1)
  A goblin (D:1)
  2 hobgoblins (D:1)
  3 quokkas (D:1)
  A ball python (D:1)
  2 kobolds (D:1)
  A rat (D:1)
13 creatures vanquished.

Notes
Turn   | Place    | Note
-------+----------+-------------------------------------------
     0 | D:1      | Zonian the Demonspawn Necromancer began the quest for the
                  | Orb.
     0 | D:1      | Reached XP level 1. HP: 13/13 MP: 3/3
  1249 | D:1      | Gained mutation: You sometimes gain a little power by
                  | taking damage. [demonic ancestry]
  1249 | D:1      | Reached XP level 2. HP: 19/19 MP: 5/5
  2026 | D:2      | Noticed Terence
  2556 | D:2      | Noticed Sigmund
  2622 | D:2      | Mangled by Terence

Illustrated notes

Levels and vault maps discovered:
D:1:      tarquinn_simple_flora_water_d, layout_basic, minmay_close_crescents
D:2:      layout_loops_ring, serial_rivers, chequers_serial_rivers_large_b,
          chequers_serial_rivers_room_b, chequers_serial_rivers_small_b,
          chequers_serial_rivers_large_a, amcnicky_mini_rare_corridor_liquid,
          uniq_terence, uniq_sigmund

Skill      XL: |  1 |
---------------+----+-----
Stealth        | 2 |  2.1
Dodging        | 2 |  2.1
Spellcasting   | |  2.2
Necromancy     | |  4.6

Action                   || total
-------------------------++-------
Melee: Dagger            ||    25
 Cast: Pain              ||    21
  Use: Scroll            ||     3
 Stab: Sleeping          ||     4
Armor: Robe              ||     2
Dodge: Dodged            ||    15

Table legend: (Time is in decaauts)
 A = Elapsed time spent in this place.
 B = Non-inter-level travel time spent in this place.
 C = Inter-level travel time spent in this place.
 D = Time resting spent in this place.
 E = Time spent auto-exploring this place.
 F = Levels seen in this place.
 G = Mean time per level.
                   A        B        C        D        E       F      G
               +--------+--------+--------+--------+--------+-----+--------+
         Total |   2620 |   2587 |     33 |   1285 |   1088 |   2 | 1310.0 |
       Dungeon |   2620 |   2587 |     33 |   1285 |   1088 |   2 | 1310.0 |
               +--------+--------+--------+--------+--------+-----+--------+

Top non-repeatable levels by time:
     D:1: 2008 daAuts
     D:2: 612 daAuts
